 Dungeon Crawl Stone Soup version 0.30-a0-168-g0b976cbdc4 (webtiles) character file.

Game seed: 10496220082763243698

47 raistware the Conjurer (level 3, -3/21 HPs)
             Began as an Octopode Conjurer on Sept 29, 2022.
             Slain by Natasha (6 damage)
             ... on level 2 of the Dungeon.
             The game lasted 00:02:06 (1613 turns).

raistware the Conjurer (Octopode Conjurer)          Turns: 1613, Time: 00:02:07

Health: -3/21      AC:  1    Str:  6    XL:     3   Next: 70%
Magic:  6/8        EV: 13    Int: 22    God:
Gold:   30         SH:  0    Dex: 10    Spells: 8/9 levels left

rFire   . . .      SeeInvis .    c - +0 short sword
rCold   . . .      Faith    .    (no shield)
rNeg    . . .      Spirit   .    (helmet restricted)
rPois   .          Reflect  .    (no amulet)
rElec   .          Harm     .    (no ring)
rCorr   .          Rampage  .    (no ring)
Will    .....                    (no ring)
Stlth   +++.......               (no ring)
HPRegen 0.07/turn                (no ring)
MPRegen 0.11/turn                (no ring)
                                 (no ring)
                                 (no ring)

@: no status effects
A: almost no armour, amphibious, 8 rings, camouflage 1, gelatinous body 1,
(nimble swimmer 1), tentacles
a: no special abilities


You were on level 2 of the Dungeon.
You visited 1 branch of the dungeon, and saw 2 of its levels.

You collected 30 gold pieces.

Inventory:

Hand Weapons
 c - a +0 short sword (weapon)
Missiles
 i - 5 poisoned darts
Scrolls
 d - a scroll of silence {unknown}
 f - a scroll of poison {unknown}
 g - a scroll of noise {unknown}
Potions
 a - a potion of magic
 b - a potion of lignification {unknown}
 e - a potion of resistance {unknown}
 h - a potion of might {unknown}


   Skills:
 - Level 2.0 Dodging
 - Level 2.6 Stealth
 + Level 3.7 Spellcasting
 - Level 4.0 Conjurations


You had 8 spell levels left.
You knew the following spells:

 Your Spells              Type           Power      Damage    Failure   Level
a - Magic Dart            Conj           84%        1d7       2%          1

Your spell library contained the following spells:

 Spells                   Type           Power      Damage    Failure   Level
 Searing Ray              Conj           42%        2d6       3%          2
 Dazzling Flash           Conj/Hex       24%        N/A       16%         3
 Fulminant Prism          Conj/Hex       6%         3d7       45%         4
 Iskenderun's Mystic Bla  Conj/Tloc      12%        2d5       45%         4


Dungeon Overview and Level Annotations

Branches:
Dungeon (2/15)

Altars:

Annotations:
D:2 Natasha


Innate Abilities, Weirdness & Mutations

You cannot wear most types of armour.
You are amphibious.
You can wear up to eight rings at the same time.
Your skin changes colour to match your surroundings (Stealth+).
Your rubbery body absorbs attacks. (AC +1, EV +1)
((You are camouflaged when in or above water. (Stealth+)))
You have tentacles for arms and can constrict up to eight enemies at once.


Message History

Done exploring.
(D) Dungeon
Where to? (Enter - D:1 @ (x,y), ? - help)
There is a stone staircase leading down here.
You climb downwards.
There is a stone staircase leading up here.
Found a chain mail.
You see here a +0 chain mail.
Natasha, Servant of Life and Death comes into view.
Natasha hisses angrily.
You hear a shout! 3 gnolls come into view.
Natasha stares at you and mumbles some strange words.
The magic dart hits you.
The gnoll shouts! x2
You hit Natasha. You grab Natasha. You squeeze Natasha.
Natasha is moderately wounded.
You constrict Natasha.
Natasha stares at you and mumbles some strange words.
The magic dart hits you!
Casting: Magic Dart (safe; 2% risk of failure)
Confirm with . or Enter, or press ? or * to list all spells.
Aiming: Magic Dart (safe; 2% risk of failure)
Press: ? - help, Shift-Dir - straight line, f - Natasha
Aim: Natasha (heavily wounded, constricted by you, 100% to hit)
The magic dart hits Natasha.
Natasha is heavily wounded.
You constrict Natasha. Natasha closely misses you.
You hit Natasha but do no damage.
Natasha is severely wounded.
You constrict Natasha. Natasha claws you.
* * * LOW HITPOINT WARNING * * *
Casting: Magic Dart (safe; 2% risk of failure)
Confirm with . or Enter, or press ? or * to list all spells.
Aiming: Magic Dart (safe; 2% risk of failure)
Press: ? - help, Shift-Dir - straight line, f/p - Natasha
Aim: Natasha (severely wounded, constricted by you, 100% to hit)
The magic dart hits Natasha.
Natasha is almost dead.
You constrict Natasha. Natasha claws you.
You die...

## ####.#
#.###hggg.# #.#@#
#.## #.# #.# ###
#.# ##.## #.#
##[#.##
#.###.###.##.#.##
#.....<#.........
#######.#########


You could see Natasha and 3 gnolls.

Vanquished Creatures
  2 dart slugs (D:1)
  5 ball pythons (D:1)
  2 bats (D:1)
  5 endoplasms (D:1)
  3 giant cockroaches (D:1)
  3 goblins (D:1)
  6 hobgoblins (D:1)
  4 kobolds (D:1)
  2 quokkas (D:1)
  2 frilled lizards (D:1)
  2 rats (D:1)
36 creatures vanquished.

Notes
Turn   | Place    | Note
-------+----------+-------------------------------------------
     0 | D:1      | raistware the Octopode Conjurer began the quest for the
                  | Orb.
     0 | D:1      | Reached XP level 1. HP: 11/11 MP: 3/3
   278 | D:1      | Reached XP level 2. HP: 17/17 MP: 2/5
   607 | D:1      | Reached XP level 3. HP: 21/21 MP: 2/7
  1608 | D:2      | Noticed Natasha
  1613 | D:2      | Slain by Natasha

Illustrated notes

Levels and vault maps discovered:
D:1:      dpeg_arrival_round_a, layout_basic, minmay_misc_feat_four_crosses,
          grunt_decor_arrowhead, minmay_misc_feat_nine_boxes,
          minmay_pentomino_o2
D:2:      layout_loops_cross, basic_altar, uniq_robin, uniq_natasha,
          uniq_terence

Skill      XL: |  1  2 |
---------------+-------+-----
Spellcasting   | 3 |  3.7
Dodging        | |  2.0
Stealth        | |  2.6
Conjurations   | |  4.0

Action                   || total
-------------------------++-------
Melee: Short sword       ||     6
       Constrict         ||     2
       Tentacles         ||     1
 Cast: Magic Dart        ||    76
Dodge: Dodged            ||     5

Table legend: (Time is in decaauts)
 A = Elapsed time spent in this place.
 B = Non-inter-level travel time spent in this place.
 C = Inter-level travel time spent in this place.
 D = Time resting spent in this place.
 E = Time spent auto-exploring this place.
 F = Levels seen in this place.
 G = Mean time per level.
                   A        B        C        D        E       F      G
               +--------+--------+--------+--------+--------+-----+--------+
         Total |   1612 |   1567 |     45 |      6 |   1414 |   2 |  806.0 |
       Dungeon |   1612 |   1567 |     45 |      6 |   1414 |   2 |  806.0 |
               +--------+--------+--------+--------+--------+-----+--------+

Top non-repeatable levels by time:
     D:1: 1589 daAuts
     D:2: 22 daAuts
